 Dungeon Crawl Stone Soup version 0.27-a0-1579-g97d2440184 (webtiles) character file.

Game seed: 770950676324058885

10 mandarbmax the Insei (level 2, -1/18 HPs)
             Began as an Octopode Transmuter on July 18, 2021.
             Slain by a quokka (3 damage)
             ... on level 1 of the Dungeon.
             The game lasted 00:00:35 (215 turns).

mandarbmax the Insei (Octopode Transmuter)           Turns: 215, Time: 00:00:36

Health: -1/18      AC:  1    Str:  9    XL:     2   Next: 20%
Magic:  5/5        EV: 13    Int: 15    God:
Gold:   1          SH:  0    Dex: 12    Spells: 4/5 levels left

rFire    . . .     SeeInvis .     - Unarmed
rCold    . . .     Faith    .   (no shield)
rNeg     . . .     Spirit   .   (helmet restricted)
rPois    .         Reflect  .   (no amulet)
rElec    .         Harm     .   (no ring)
rCorr    .         Rampage  .   (no ring)
Will     .....                  (no ring)
Stlth    ++........             (no ring)
HPRegen  0.06/turn              (no ring)
MPRegen  0.09/turn              (no ring)
                                (no ring)
                                (no ring)

@: no status effects
A: almost no armour, amphibious, 8 rings, camouflage 1, gelatinous body 1,
(nimble swimmer 1), tentacles
a: no special abilities


You were on level 1 of the Dungeon.
You visited 1 branch of the dungeon, and saw 1 of its levels.

You collected 1 gold pieces.

You aren't carrying anything.


   Skills:
 - Level 1.0 Fighting
 - Level 2.0 Dodging
 + Level 3.6 Unarmed Combat
 - Level 2.0 Spellcasting
 - Level 2.0 Transmutations


You had 4 spell levels left.
You knew the following spells:

 Your Spells              Type           Power      Damage    Failure   Level
a - Beastly Appendage     Tmut           14%        N/A       10%         1

Your spell library contained the following spells:

 Spells                   Type           Power      Damage    Failure   Level
 Wereblood                Tmut           7%         N/A       14%         2
 Spider Form              Tmut/Pois      2%         N/A       41%         3
 Ice Form                 Ice/Tmut       4%         N/A       82%         4


Dungeon Overview and Level Annotations

Branches:
Dungeon (1/15)

Altars:


Innate Abilities, Weirdness & Mutations

You cannot wear most types of armour.
You are amphibious.
You can wear up to eight rings at the same time.
Your skin changes colour to match your surroundings (Stealth+).
Your rubbery body absorbs attacks. (AC +1, EV +1)
((You are camouflaged near water. (Stealth+)))
You have tentacles for arms and can constrict up to eight enemies at once.


Message History

You are frozen.
You tentacle-slap the endoplasm.
You kill the endoplasm!
The hobgoblin closely misses you.
You barely miss the quokka. Your grab misses the quokka.
Your tentacle spike misses the quokka.
Your squeeze misses the quokka.
Your tentacle spike disappears.
The hobgoblin closely misses you. The quokka barely misses you.
You closely miss the quokka. Your grab misses the quokka.
The endoplasm quivers.
The rat bites you.
The quokka bites you but does no damage.
The hobgoblin completely misses you.
You barely miss the quokka. Your grab misses the quokka.
The quokka closely misses you. The rat closely misses you.
The hobgoblin closely misses you.
You closely miss the quokka. You grab the quokka.
You constrict the quokka, but do no damage.
The quokka barely misses you. The rat misses you.
The hobgoblin closely misses you. The endoplasm closely misses you.
You tentacle-slap the quokka.
The quokka is heavily wounded.
You constrict the quokka. The quokka barely misses you.
The rat barely misses you. The hobgoblin barely misses you.
The quokka bites you. The endoplasm freezes you.
You are frozen.
You release your grip on the quokka.
The endoplasm freezes you.
You are frozen.
* * * LOW HITPOINT WARNING * * *
The quokka twitches its whiskers.
The quokka bites you.
* * * LOW HITPOINT WARNING * * *
The quokka completely misses you. The endoplasm closely misses you.
The quokka twitches its whiskers.
The quokka misses you. The quokka closely misses you. The quokka bites you.
You die...

...###.....####.### #.########
#..##.............#####........#
##.........##...#....##........#
................J..............#
.#.......#....######.J...).....#
.......()..#### ###.#.........#
#..........# ###...#..########
#..........# ##.rr.##.....#
#..........####.@##'###+##.#
#................#...#...#.#
#..........####..#...#.>.#.#
#.........## #..#...#.(.#.#
########### ##.#.<.#.>.###
#.#...#...# #.#...#.>.#
#.#...#...# #.##+###+##


You could see an endoplasm, a quokka and a rat.

Vanquished Creatures
  A ball python (D:1)
  A bat (D:1)
  2 endoplasms (D:1)
  A goblin (D:1)
  A quokka (D:1)
  A kobold (D:1)
  2 rats (D:1)
9 creatures vanquished.

Notes
Turn   | Place    | Note
-------+----------+-------------------------------------------
     0 | D:1      | mandarbmax the Octopode Transmuter began the quest for the
                  | Orb.
     0 | D:1      | Reached XP level 1. HP: 13/13 MP: 3/3
   145 | D:1      | Reached XP level 2. HP: 18/18 MP: 3/5
   215 | D:1      | Slain by a quokka

Illustrated notes

Levels and vault maps discovered:
D:1:      minmay_arrival_up_and_down, layout_rooms, supply_closet_lemuel

Action                   || total
-------------------------++-------
Melee: Unarmed           ||    24
       Constrict         ||     7
       Kick              ||     6
       Tentacles         ||     1
 Cast: Beastly Appendage ||     6
 Stab: Sleeping          ||     1
Armor: Skin              ||     1
Dodge: Dodged            ||    31

Table legend: (Time is in decaauts)
 A = Elapsed time spent in this place.
 B = Non-inter-level travel time spent in this place.
 C = Inter-level travel time spent in this place.
 D = Time resting spent in this place.
 E = Time spent auto-exploring this place.
 F = Levels seen in this place.
 G = Mean time per level.
                   A        B        C        D        E       F      G
               +--------+--------+--------+--------+--------+-----+--------+
         Total |    213 |    213 |      0 |      0 |    134 |   1 |  213.0 |
       Dungeon |    213 |    213 |      0 |      0 |    134 |   1 |  213.0 |
               +--------+--------+--------+--------+--------+-----+--------+

Top non-repeatable levels by time:
     D:1: 213 daAuts
